 Dungeon Crawl Stone Soup version 0.21-a0-150-gc243083 (webtiles) character file.

1542 Lunath the Cleaver (level 8, -1/72 (73) HPs)
             Began as a Hill Orc Monk on July 27, 2017.
             Was a Believer of Beogh.
             Slain by HAL9000's ghost (9 damage)
             ... on level 7 of the Dungeon.
             The game lasted 00:13:38 (7344 turns).

Lunath the Cleaver (Hill Orc Monk)                  Turns: 7344, Time: 00:13:39

HP:   -1/72 (73)    AC: 14    Str: 16    XL:     8   Next: 87%
MP:   3/8           EV:  6    Int: 10    God:    Beogh [**....]
Gold: 158           SH:  0    Dex: 13    Spells: 7/7 levels left

rFire    . . .     SeeInvis .   a - +0 broad axe
rCold    . . .     Gourm    .   (no shield)
rNeg     . . .     Faith    .   f - +0 plate armour
rPois    .         Spirit   .   (no helmet)
rElec    .         Reflect  .   (no cloak)
rCorr    .         Harm     .   (no gloves)
MR       .....                  l - +1 pair of boots
Stlth    ..........             (no amulet)
HPRegen  0.22/turn              (no ring)
MPRegen  0.11/turn              (no ring)

@: hasted, very quick
A: no striking features
a: Smiting, Renounce Religion


You were on level 7 of the Dungeon.
You worshipped Beogh.
Beogh was pleased with you.
You were not hungry.

You visited 2 branches of the dungeon, and saw 8 of its levels.

You collected 240 gold pieces.
You spent 82 gold pieces at shops.

Inventory:

Hand Weapons
 a - a +0 broad axe (weapon)
Armour
 f - a +0 plate armour (worn)
 l - a +1 pair of boots (worn)
Scrolls
 g - 3 scrolls of identify
 j - a scroll of noise {unknown}
 k - 3 scrolls of teleportation
 n - a scroll of magic mapping {unknown}
 p - a scroll of recharging {unknown}
 q - 3 scrolls of remove curse
 s - a scroll of random uselessness {unknown}
 t - a scroll of enchant armour
 u - a scroll of fog
Potions
 d - 3 potions of brilliance
 e - 2 potions of cancellation
 i - 2 potions of agility {unknown}
 m - 2 potions of haste
 r - a potion of curing
 w - a potion of resistance
Comestibles
 b - 3 fruits
 c - 5 bread rations
 h - 4 meat rations
 o - 3 royal jellies


   Skills:
 + Level 7.5 Fighting
 * Level 10.6 Axes
 + Level 5.5 Armour
 - Level 2.4 Dodging
 - Level 1.5 Stealth


You had 7 spell levels left.
You didn't know any spells.

Dungeon Overview and Level Annotations

Branches:
Dungeon (7/15)             Temple (1/1) D:5

Altars:
Ashenzari
Cheibriados
Dithmenos
Fedhas
Gozag
Hepliaklqana
Kikubaaqudgha
Makhleb
Nemelex Xobeh
Okawaru
Qazlal
Ru
Sif Muna
Trog
Uskayaw
Vehumet
Wu Jian
Xom
Yredelemnul
Zin
The Shining One

Shops:
D:4 ?   D:6 ?   D:7 }

Annotations:
D:7 HAL9000's ghost, novice DrTm


Message History

You hit HAL9000's ghost.
HAL9000's ghost is heavily damaged.
HAL9000's ghost hits you!
* * * LOW HITPOINT WARNING * * *
You closely miss HAL9000's ghost.
HAL9000's ghost is heavily damaged.
You miss HAL9000's ghost.
HAL9000's ghost is heavily damaged.
HAL9000's ghost barely misses you.
You hit HAL9000's ghost but do no damage.
HAL9000's ghost is heavily damaged.
HAL9000's ghost hits you.
* * * LOW HITPOINT WARNING * * *
You hit HAL9000's ghost but do no damage.
HAL9000's ghost is heavily damaged.
The phantom blinks!
You closely miss HAL9000's ghost.
HAL9000's ghost is heavily damaged.
HAL9000's ghost hits you!
You die...

####.## #..###.####.#### #.#
#..#.#.........# #.#
#..#........##.# #.#
#..#.######..#.# #.# #..# #..#.#
####.# #..########..#.# .....#
#............#.#
.#################.#########.#.#
............ยง...@W.#.......#.#.#
#####################.####.#.#
#.# #.#.# #.# #.#.# #.####.#.#
#........# ######<#.# #####


You could see HAL9000's ghost.

Vanquished Creatures
  Eustachio (D:6)
  An orc warrior (D:7)
  An ice beast (D:6)
  An ogre (D:4)
  A necrophage (D:5)
  2 sky beasts
  2 bullfrogs
  A scorpion (D:4)
  A howler monkey (D:7)
  A crimson imp (D:5)
  2 orc priests
  2 orc wizards
  3 iron imps (D:4)
  2 iguanas (D:4)
  3 worker ants
  15 adders
  4 gnolls (D:4)
  3 worms
  A dart slug (D:1)
  A leopard gecko (D:4)
  13 orcs
  3 giant cockroaches
  7 goblins
  8 hobgoblins
  19 jackals
  4 quokkas
  3 ball pythons
  A ball python skeleton (D:5)
  8 bats
  3 frilled lizards
  2 kobolds
  A quokka zombie (D:5)
  6 rats
126 creatures vanquished.

Notes
Turn   | Place    | Note
-------+----------+-------------------------------------------
     0 | D:1      | Lunath the Hill Orc Monk began the quest for the Orb.
     0 | D:1      | Reached XP level 1. HP: 19/19 MP: 1/1
   187 | D:1      | Reached XP level 2. HP: 24/27 MP: 2/2
   564 | D:2      | Found a shimmering altar of Xom.
   602 | D:2      | Reached XP level 3. HP: 33/33 MP: 3/3
   647 | D:2      | Reached skill level 1 in Armour
   970 | D:2      | Reached skill level 5 in Axes
  1252 | D:2      | Reached XP level 4. HP: 40/40 MP: 4/4
  1778 | D:3      | Noticed a sky beast
  1802 | D:3      | HP: 1/41 [something (5)]
  1807 | D:3      | Killed a sky beast
  1807 | D:3      | Reached skill level 6 in Axes
  1807 | D:3      | Reached XP level 5. HP: 1/47 MP: 5/5
  2739 | D:3      | Reached skill level 5 in Fighting
  2769 | D:3      | Reached XP level 6. HP: 41/56 MP: 6/6
  3026 | D:3      | Found a stormy altar of Qazlal.
  3224 | D:4      | Reached skill level 7 in Axes
  3541 | D:4      | Reached XP level 7. HP: 32/61 MP: 7/7
  3968 | D:4      | Reached skill level 8 in Axes
  3981 | D:4      | Found Vurobbuj's Magic Scroll Shoppe.
  3986 | D:4      | Bought a scroll of enchant armour for 82 gold pieces
  4079 | D:4      | Found a basalt altar of Yredelemnul.
  4084 | D:4      | Found a radiant altar of Vehumet.
  4488 | D:4      | Found a burning altar of Makhleb.
  4966 | D:5      | Entered Level 5 of the Dungeon
  4966 | D:5      | Found a staircase to the Ecumenical Temple.
  5079 | Temple   | Entered the Ecumenical Temple
  5390 | D:5      | Became a worshipper of Beogh the Brigand
  5390 | D:5      | Reached * piety under Beogh
  5390 | D:5      | Reached ** piety under Beogh
  5462 | D:5      | Found an ornate altar of the Wu Jian Council.
  5661 | D:5      | Reached skill level 9 in Axes
  5661 | D:5      | Reached XP level 8. HP: 70/70 MP: 8/8
  6185 | D:6      | Noticed Eustachio
  6232 | D:6      | Killed Eustachio
  6232 | D:6      | Reached skill level 5 in Armour
  6242 | D:6      | Reached skill level 10 in Axes
  6665 | D:6      | Found Dofy's Magic Scroll Shoppe.
  7040 | D:7      | Found Conil's Gadget Shop.
  7312 | D:7      | Noticed HAL9000's ghost (novice DrTm)
  7344 | D:7      | Slain by HAL9000's ghost

Vault maps used:
D:1:      enne_arrival_octagon_isle
D:2:      amethyst_killhole, chequers_big_river, st_stairs_13,
          brannock_xom_greatest_gift
D:3:      marbit_many_paths
D:4:      demons_altar, minitemple, serial_shops, kennysheep_little_box
D:5:      kennysheep_mini_moat, temple_statues, first_bread, saegor_snake_ambush
D:6:      serial_shops, shop, uniq_eustachio
D:7:      serial_shops, shop, shop, shop, nicolae_shop_waterfront, shop
Temple:   regret_index_temple_waves

Skill      XL: |  1  2  3  4  5  6  7  8 |
---------------+-------------------------+-----
Fighting       | 4 5 6 7 |  7.5
Armour         | 1 2 3 4 5 |  5.5
Axes           | 5 6 7 9 10 | 10.6
Dodging        | |  2.4
Stealth        | |  1.5

Action                   |  1- 3 |  4- 6 |  7- 9 || total
-------------------------+-------+-------+-------++-------
Melee: Hand axe          |   119 |   250 |   301 ||   670
       War axe           |       |       |    32 ||    32
       Broad axe         |       |       |    21 ||    21
Invok: Convert to Beogh  |       |       |     1 ||     1
       Smiting           |       |       |     2 ||     2
  Use: Scroll            |     5 |     2 |     1 ||     8
       Potion            |       |     3 |     1 ||     4
 Stab: Sleeping          |     1 |       |       ||     1
  Eat: Chunk             |     1 |     8 |     7 ||    16
       Bread ration      |       |       |     1 ||     1
       Fruit             |       |       |     1 ||     1
Armor: Scale mail        |    54 |    39 |       ||    93
       Robe              |     3 |       |       ||     3
       Plate armour      |       |   135 |   262 ||   397
Dodge: Dodged            |    85 |    84 |    89 ||   258
